 Dungeon Crawl Stone Soup version 0.20.1-1-g8b1a95d (webtiles) character file.

69 vineage the Covered (level 4, -11/29 HPs)
             Began as a Gargoyle Fighter on Sept 10, 2017.
             Killed by divine providence
             ... invoked by an orc priest
              (13 damage)
             ... on level 3 of the Dungeon.
             The game lasted 00:01:44 (1317 turns).

vineage the Covered (Gargoyle Fighter)              Turns: 1317, Time: 00:01:45

Health: -11/29     AC: 12    Str: 25    XL:     4   Next: 20%
Magic:  4/4        EV: 12    Int:  9    God:
Gold:   207        SH: 10    Dex: 14    Spells: 3/3 levels left

rFire    . . .     SeeInvis .   a - +0 flail
rCold    . . .     Gourm    .   c - +0 shield
rNeg     + . .     Faith    .   b - +0 scale mail
rPois    ∞         Spirit   .   (no helmet)
rElec    +         Reflect  .   (no cloak)
rCorr    .         Harm     .   p - +1 pair of gloves
MR       .....                  (no boots)
Stlth    +.........             (no amulet)
Regen    0.1/turn               (no ring)
MPRegen  0.1/turn               (no ring)

@: mighty, agile, flying
A: negative energy resistance 1, electricity resistance, unbreathing,
petrification resistance, rot immunity, AC +3
a: no special abilities


You were on level 3 of the Dungeon.
You were not hungry.

You visited 1 branch of the dungeon, and saw 3 of its levels.

You collected 207 gold pieces.

Inventory:

Hand Weapons
 a - a +0 flail (weapon)
Armour
 b - a +0 scale mail (worn)
 c - a +0 shield (worn)
 p - a +1 pair of gloves (worn)
Scrolls
 e - a scroll of amnesia {unknown}
 g - 3 scrolls of remove curse {unknown}
 i - a scroll of enchant weapon {unknown}
 k - 2 scrolls of recharging {unknown}
 l - a scroll of teleportation {unknown}
 q - 2 scrolls of identify {unknown}
Potions
 h - a potion of agility
 j - a potion of flight
 o - a potion of haste {unknown}
 s - a potion of invisibility {unknown}
Comestibles
 f - 3 bread rations
 m - 2 royal jellies
 n - a meat ration
 r - a chunk of flesh


   Skills:
 + Level 3.7 Fighting
 + Level 3.0 Maces & Flails
 + Level 4.0 Armour
 + Level 0.1 Dodging
 + Level 3.7 Shields


You had 3 spell levels left.
You didn't know any spells.

Dungeon Overview and Level Annotations

Branches:
Dungeon (3/15)

Altars:
Qazlal


Innate Abilities, Weirdness & Mutations

You are resistant to torment.
Your stone body is resilient. (AC +3)
You are immune to poison.
You resist negative energy. (rN+)
You are resistant to electric shocks. (rElec)
You can survive without breathing.
You are immune to petrification.
You are immune to rotting.


Message History

An orc comes into view. It is wielding a dagger.
The orc shouts!
You hear a shout!
The orc jeers noisily, in orcish tradition.
The orc priest invokes the aid of Beogh against you.
Beogh smites you!
* * * LOW HITPOINT WARNING * * *
The orc priest looks encouraged for a moment.
You feel very mighty all of a sudden. The orc hits you but does no damage.
A hobgoblin comes into view.
It was a potion of agility.
You feel agile all of a sudden. The orc hits you but does no damage.
The orc priest hits you but does no damage.
It was a potion of flight.
You feel very buoyant.
You fly up into the air.
You block the orc's attack.
The orc priest invokes the aid of Beogh against you.
Beogh smites you!
You die...

###.###..#.....###......
... #.........# #.##.##
..###.##.###.....#
#.##.## ......... #.....#
#.##.## #.#..... ##
#.##.## #.[).... #......
#......###############(##
##......#............<..#
#.......#@###############
#......ooo# #..##.#o..#
...g...# .o#.##..## #...
...# ### #####


You could see 2 orc priests, 2 orcs and a hobgoblin.

Vanquished Creatures
  An adder (D:3)
  2 oozes (D:1)
  2 worms (D:3)
  3 leopard geckos
  A ball python (D:2)
  8 bats
  3 goblins (D:1)
  7 hobgoblins
  2 jackals (D:2)
  4 kobolds
  2 frilled lizards
  6 rats
41 creatures vanquished.

Notes
Turn   | Place    | Note
-------+----------+-------------------------------------------
     0 | D:1      | vineage the Gargoyle Fighter began the quest for the Orb.
     0 | D:1      | Reached XP level 1. HP: 14/14 MP: 1/1
    64 | D:1      | Reached XP level 2. HP: 9/19 MP: 2/2
   257 | D:1      | Reached XP level 3. HP: 21/23 MP: 3/3
   521 | D:2      | Found a stormy altar of Qazlal.
  1222 | D:3      | Reached XP level 4. HP: 25/29 MP: 4/4
  1260 | D:3      | Reached skill level 4 in Armour
  1317 | D:3      | Killed from afar by an orc priest

Skill      XL: |  1  2  3  4 |
---------------+-------------+-----
Maces & Flails | 3 |  3.0
Armour         | 4 |  4.0
Fighting       | |  3.7
Dodging        | |  0.1
Shields        | |  3.7

Action                   |  1- 3 |  4- 6 || total
-------------------------+-------+-------++-------
Melee: Flail             |   162 |    13 ||   175
  Use: Potion            |       |     3 ||     3
  Eat: Chunk             |     1 |     1 ||     2
Armor: Scale mail        |   101 |     6 ||   107
Dodge: Dodged            |    60 |     1 ||    61
Block: Shield            |    99 |     9 ||   108
